AoeStats
← Mr. Penis

Black Forest

509594243Analyzed
4v4 RM · 3d ago on Sep 27, 2026· 49m 31s· 8 players
Game mode
Random Map
Map size
Large (8 player)
Population
200
Speed
Normal
Resources
Standard
Victory
Conquest
Starting age
Dark Age
Ending age
Imperial Age
RankedLock teamsTeams togetherTeam positionsShared explorationLock speedFull tech treeHidden civsTurbo modeCheats
Victory
Defeat
🇬🇧 Italians · United Kingdom
1348
+14
🇨🇳 Danes · China
1338
+14
🇷🇺 Jurchens · Russia
1263
+17
🇹🇷 Persians · Türkiye
1224
+18
🇨🇦 Persians · Canada
1332
-18
🇳🇿 Japanese · New Zealand
1312
-17
🇨🇱 Britons · Chile
1281
-15
🇨🇳 Mongols · China
1229
-13
VaaN.
0:39 Loom
11:10 Feudal Age
16:08 Castle Age
14:18 Double-Bit Axe
15:36 Wheelbarrow
17:17 Bow Saw
22:39 Stone Mining
25:07 Gold Mining
26:54 Hand Cart
30:13 Imperial Age
29:21 Fletching
29:32 Padded Archer Armor
30:13 Bodkin Arrow
31:15 Yeomen
31:19 Bracer
31:08 Elite Longbowman
32:40 Conscription
32:41 Leather Archer Armor
32:36 Forging
33:43 Two-Man Saw
35:04 Gold Shaft Mining
34:37 Warwolf
34:03 Pikeman
34:44 Squires
34:29 Gambesons
35:19 Ring Archer Armor
34:50 Scale Mail Armor
35:22 Halberdier
37:56 Chemistry
37:04 Siege Engineers
Suni
7:43 Loom
10:37 Feudal Age
14:11 Castle Age
12:20 Double-Bit Axe
13:00 Horse Collar
17:27 Bow Saw
19:03 Heavy Plow
22:39 Wheelbarrow
23:39 Hand Cart
24:02 Gold Mining
24:02 Stone Mining
25:44 Gold Shaft Mining
25:50 Stone Shaft Mining
28:37 Imperial Age
26:42 Forging
26:37 Scale Barding Armor
27:34 Ballistics
28:28 Iron Casting
28:34 Town Watch
28:46 Fletching
30:02 Chemistry
30:05 Two-Man Saw
29:37 Crop Rotation
30:50 Blast Furnace
30:12 Chain Barding Armor
29:51 Bodkin Arrow
29:56 Padded Archer Armor
30:09 Caravan
30:51 Bloodlines
30:41 Husbandry
30:02 Cavalier
31:20 Conscription
30:56 Loom
33:11 Plate Barding Armor
32:53 Leather Archer Armor
32:52 Savar
38:41 Pikeman
39:06 Gambesons
39:21 Squires
39:22 Elite Skirmisher
40:07 Thumb Ring
40:21 Elite War Elephant
41:53 Ring Archer Armor
40:58 Halberdier
48:06 Light Cavalry
mr. bourne.
0:26 Loom
12:49 Feudal Age
14:29 Double-Bit Axe
14:32 Horse Collar
18:45 Castle Age
19:41 Bow Saw
22:04 Wheelbarrow
28:51 Town Watch
31:51 Imperial Age
29:47 Hand Cart
32:08 Fortified Wall
33:05 Masonry
35:31 Conscription
36:17 Chemistry
35:33 Yasama
35:29 Guard Tower
35:30 Fletching
35:56 Siege Engineers
35:16 Onager
38:12 Two-Man Saw
37:42 Treadmill Crane
38:15 Gold Mining
39:50 Keep
39:13 Heavy Cavalry Archer
40:18 Parthian Tactics
39:49 Bodkin Arrow
39:54 Padded Archer Armor
40:04 Thumb Ring
43:18 Heavy Plow
45:06 Ballistics
33min
11:22 Feudal Age
12:44 Double-Bit Axe
12:42 Horse Collar
15:54 Castle Age
17:14 Bow Saw
18:32 Wheelbarrow
24:08 Gold Mining
24:55 Heavy Plow
25:17 Hand Cart
29:02 Imperial Age
26:58 Ballistics
27:30 Nomads
27:47 Loom
27:47 Town Watch
29:56 Gold Shaft Mining
29:12 Stone Mining
30:15 Conscription
29:17 Elite Mangudai
30:47 Bloodlines
30:37 Husbandry
30:35 Light Cavalry
32:15 Parthian Tactics
31:45 Fletching
32:58 Chemistry
32:03 Padded Archer Armor
34:32 Bodkin Arrow
34:53 Leather Archer Armor
34:54 Capped Ram
36:50 Bracer
36:59 Caravan
37:30 Coinage
36:33 Hussar
36:40 Onager
37:44 Drill
37:59 Hoardings
38:32 Herbal Medicine
38:20 Siege Ram
43:23 Forging
43:19 Scale Barding Armor
45:35 Chain Barding Armor
45:51 Iron Casting
49:12 Blast Furnace
Sladman
0:43 Loom
11:23 Feudal Age
15:20 Castle Age
13:36 Double-Bit Axe
20:05 Horse Collar
22:49 Wheelbarrow
24:30 Fletching
24:36 Gold Mining
25:38 Padded Archer Armor
26:14 Stone Mining
27:11 Bodkin Arrow
27:37 Heavy Plow
29:04 Hand Cart
31:53 Imperial Age
30:12 Leather Archer Armor
30:14 Thumb Ring
31:21 Ballistics
31:55 Elite Genoese Crossbowman
32:37 Bracer
33:45 Chemistry
33:17 Bow Saw
34:02 Ring Archer Armor
34:17 Masonry
35:06 Conscription
35:48 Architecture
40:50 Murder Holes
42:42 Light Cavalry
43:33 Bloodlines
43:23 Husbandry
45:21 Hussar
46:07 Scale Barding Armor
46:19 Forging
47:18 Caravan
48:32 Iron Casting
Mr. Penis
11:53 Feudal Age
15:43 Castle Age
13:32 Double-Bit Axe
13:29 Horse Collar
18:57 Bow Saw
21:27 Fervor
22:20 Wheelbarrow
22:34 Heavy Plow
24:14 Hand Cart
25:05 Gold Mining
25:06 Stone Mining
27:11 Gold Shaft Mining
27:11 Stone Shaft Mining
27:01 Loom
27:02 Town Watch
31:21 Imperial Age
28:37 Loom
28:37 Town Watch
28:56 Treadmill Crane
29:27 Masonry
29:30 Scale Barding Armor
29:36 Forging
30:09 Town Patrol
30:20 Siege Engineers
30:52 Coinage
30:23 Caravan
30:48 Ballistics
31:34 Fletching
32:35 Chain Barding Armor
32:51 Iron Casting
33:55 Plate Barding Armor
33:58 Crop Rotation
34:29 Two-Man Saw
34:02 Architecture
34:33 Chemistry
33:46 Guilds
34:06 Banking
34:40 Blast Furnace
33:35 Bodkin Arrow
34:23 Conscription
34:32 Bloodlines
34:18 Arrowslits
34:44 Fortified Wall
34:30 Murder Holes
34:43 Husbandry
34:26 Elite Steppe Lancer
39:55 Fortified Bastions
40:32 Hoardings
mia
11:38 Feudal Age
12:25 Double-Bit Axe
13:06 Loom
15:21 Castle Age
13:41 Horse Collar
16:41 Bow Saw
19:17 Wheelbarrow
20:48 Hand Cart
21:18 Heavy Plow
22:32 Gold Mining
25:12 Gold Shaft Mining
25:02 Loom
28:46 Imperial Age
26:17 Town Watch
26:34 Scale Mail Armor
26:44 Forging
27:22 Stone Mining
27:52 Squires
27:38 Gambesons
27:39 Arson
28:14 Chain Mail Armor
28:10 Forging
29:04 Elite Varangian Guard
29:06 Capped Ram
30:50 Plate Mail Armor
30:56 Iron Casting
30:13 Northmen's Fury
30:13 Hamask
32:11 Iron Casting
32:29 Siege Ram
33:48 Caravan
34:35 Siege Engineers
34:27 Onager
37:43 Conscription
36:53 Hamask
43:46 Town Patrol
47:55 Hoardings
48:28 Blast Furnace
48:28 Murder Holes
48:43 Masonry
49:34 Chemistry
48:54 Ballistics
49:19 Arrowslits
49:26 Guard Tower
sweetyboy
0:35 Loom
13:04 Feudal Age
17:31 Castle Age
15:24 Double-Bit Axe
16:49 Horse Collar
18:35 Heavy Plow
19:23 Bow Saw
25:52 Wheelbarrow
28:31 Hand Cart
32:36 Imperial Age
32:21 Forging
32:18 Scale Barding Armor
32:07 Gold Mining
32:10 Stone Mining
32:38 Bloodlines
32:30 Husbandry
32:39 Elite War Elephant
34:30 Iron Casting
34:16 Chain Barding Armor
36:08 Crop Rotation
36:43 Two-Man Saw
36:34 Conscription
36:49 Gold Mining
40:05 Blast Furnace
39:40 Plate Barding Armor
39:57 Gold Shaft Mining
43:25 Caravan
Connection lost

Rejoining the realm…

Still unreachable

The connection could not be restored.

Session expired

The server has moved on; the page needs a fresh start.